 Dungeon Crawl Stone Soup version 0.27-a0-1177-g245c70e1c0 (webtiles) character file.

Game seed: 9880996782286068786

80389 Mesmaeker13 the Nimble (level 16, -7/97 HPs)
             Began as a Kobold Hunter on May 16, 2021.
             Was a High Priest of Nemelex Xobeh.
             Killed by divine providence
             ... invoked by a meliai
              (11 damage)
             ... on level 14 of the Dungeon.
             The game lasted 01:12:19 (30793 turns).

Mesmaeker13 the Nimble (Kobold Hunter)             Turns: 30793, Time: 01:12:21

Health: -7/97      AC: 19    Str: 14    XL:     16   Next: 14%
Magic:  16/24      EV: 21    Int: 13    God:    Nemelex Xobeh [*****.]
Gold:   2696       SH:  7    Dex: 17    Spells: 12/21 levels left

rFire    . . .     SeeInvis .   X - +8 dagger "Usteuwk" {vorpal, Will+}
rCold    . . .     Faith    .   E - +0 buckler
rNeg     . . .     Spirit   .   f - +0 acid dragon scales
rPois    +         Reflect  .   r - +2 hat
rElec    .         Harm     .   d - +2 cloak
rCorr    +         Rampage  .   q - +2 pair of gloves
Will     ++...                  O - +2 pair of boots
Stlth    +++++.....             L - amulet of regeneration
HPRegen  1.26/turn              w - ring of poison resistance
MPRegen  0.19/turn              y - +4 ring of slaying

@: studying Shields
A: small, no large weapons, nightstalker 3
a: Renounce Religion, Draw Escape, Draw Destruction, Draw Summoning, Triple
Draw, Deal Four, Stack Five


You were on level 14 of the Dungeon.
You worshipped Nemelex Xobeh.
Nemelex Xobeh was extremely pleased with you.
You visited 4 branches of the dungeon, and saw 23 of its levels.
You also visited: Ossuary.

You collected 3844 gold pieces.
You spent 1148 gold pieces at shops.

Inventory:

Hand Weapons
 a - a +2 hand crossbow
 g - a +2 long sword of freezing
 l - a +2 scimitar of holy wrath
 X - the +8 dagger "Usteuwk" (weapon) {vorpal, Will+}
   (You found it on level 6 of the Lair of Beasts)

   It inflicts extra damage upon your enemies.
   It increases your willpower.
Missiles
 j - 83 bolts
Armour
 d - a +2 cloak (worn)
 f - +0 acid dragon scales (worn)
 q - a +2 pair of gloves (worn)
 r - a +2 hat (worn)
 v - a +0 leather armour of willpower
 E - a +0 buckler (worn)
 O - a +2 pair of boots (worn)
Jewellery
 s - a ring of protection from fire
 w - a ring of poison resistance (left hand)
 y - a +4 ring of slaying (right hand)
 D - a ring of flight
 F - a ring of ice
 H - an amulet of reflection
 L - an amulet of regeneration (around neck)
Wands
 c - a wand of digging (10)
 t - a wand of iceblast (6)
 V - a wand of acid (3)
Scrolls
 e - 2 scrolls of blinking
 i - 5 scrolls of fog
 m - 3 scrolls of silence
 z - a scroll of identify
 C - 2 scrolls of enchant weapon
 I - 3 scrolls of fear
 N - 5 scrolls of teleportation
 S - 2 scrolls of summoning
Potions
 b - a potion of mutation
 h - 5 potions of curing
 k - 2 potions of brilliance
 n - 2 potions of might
 o - a potion of ambrosia
 p - 4 potions of cancellation
 u - a potion of flight
 x - a potion of heal wounds
 A - a potion of resistance
 G - 2 potions of haste
 M - 2 potions of berserk rage
Miscellaneous
 B - a phial of floods
 Q - a tin of tremorstones (1/2)
 U - a phantom mirror


   Skills:
 - Level 10.0 Fighting
 - Level 9.7(12.2) Short Blades
 + Level 8.1(9.0) Long Blades
 - Level 10.0 Crossbows
 - Level 5.1 Armour
 - Level 12.0 Dodging
 + Level 9.5 Stealth
 - Level 5.6 Shields
 + Level 3.3 Spellcasting
 + Level 11.0 Necromancy
 + Level 11.3 Invocations
 - Level 6.2 Evocations


You had 12 spell levels left.
You knew the following spells:

 Your Spells              Type           Power      Damage    Failure   Level
a - Animate Dead          Necr           15%        N/A       3%          4
b - Agony                 Necr           30%        N/A       9%          5

Your spell library contained the following spells:

 Spells                   Type           Power      Damage    Failure   Level
 Animate Skeleton         Necr           60%        N/A       1%          1
 Pain                     Necr           100%       1d9       1%          1
 Vampiric Draining        Necr           15%        2d8       1%          3
 Dispel Undead            Necr           30%        3d14      3%          4
 Excruciating Wounds      Necr           15%        N/A       9%          5
 Apportation              Tloc           4%         N/A       30%         1
 Magic Dart               Conj           8%         1d3       30%         1
 Blink                    Tloc           N/A        N/A       41%         2
 Call Imp                 Summ           2%         N/A       41%         2
 Slow                     Hex            2%         N/A       41%         2
 Conjure Flame            Conj/Fire      2%         6-21      65%         3
 Lesser Beckoning         Tloc           1%         N/A       65%         3
 Mephitic Cloud           Conj/Pois/Air  2%         N/A       65%         3
 Tukima's Dance           Hex            2%         N/A       65%         3
 Animate Armour           Summ/Erth      4%         N/A       96%         4
 Iskenderun's Mystic Bla  Conj/Tloc      2%         2d3       96%         4
 Leda's Liquefaction      Hex/Erth       1%         N/A       96%         4
 Simulacrum               Ice/Necr       8%         N/A       99%         6
 Alistair's Intoxication  Tmut/Pois      1%         N/A       100%        5
 Bolt of Magma            Conj/Fire/Erth 1%         4d4       100%        5
 Fireball                 Conj/Fire      1%         3d3       100%        5
 Invisibility             Hex            2%         N/A       100%        6
 Iron Shot                Conj/Erth      1%         9d1       100%        6
 Statue Form              Tmut/Erth      1%         N/A       100%        6
 Shatter                  Erth           1%         3d5*      100%        9


Dungeon Overview and Level Annotations

Branches:
Dungeon (14/15)            Temple (1/1) D:5            Lair (6/6) D:10
 Shoals (0/4) Lair:2        Snake (0/4) Lair:4        Slime (0/5) Lair:5
    Orc (2/2) D:12            Elf (0/3) Orc:2        Vaults (0/5) D:13
Ossuary (visited)

Altars:
Ashenzari
Dithmenos
Elyvilon
Fedhas
Gozag
Hepliaklqana
Makhleb
Nemelex Xobeh
Okawaru
Qazlal
Ru
Sif Muna
Trog
Uskayaw
Vehumet
Wu Jian
Xom
Yredelemnul
Zin
The Shining One
Jiyva

Shops:
D:1 *   D:14 :   Orc:2 **([=(

Portals:
Hell: Lair:6

Annotations:
D:7 2 runed translucent doors
D:12 exclusion: statue
D:13 1 runed translucent door, wakim's ghost, journeyman MiFi
D:14 exclusion: orange crystal statue
Lair:1 2 transporters, exclusion: oklob plant, PeterLawrence's ghost, journeyman MiFi
Lair:5 exclusion: 3 oklob plants


Innate Abilities, Weirdness & Mutations

You are small and have problems with some larger weapons.
You are completely attuned to the shadows.


Message History

Unknown command.
You deal a card...
You have dealt the Elements.
You deal a card...
You have dealt the Illusion.
Suddenly you stand beside yourself.
You deal a card...
You have dealt the Illusion.
Suddenly you stand beside yourself.
You deal a card...
You have dealt the Illusion.
Suddenly you stand beside yourself. The meliai closely misses you.
The meliai hits your fire vortex with a +0 war axe.
The meliai misses your raiju.
The meliai hits Mesmaeker13's illusion but does no damage.
The meliai completely misses you. The meliai closely misses you.
The meliai hits Mesmaeker13's illusion with a +0 hand axe.
The meliai hits your fire vortex with a +0 hand axe!
The meliai misses Mesmaeker13's illusion.
The meliai misses you.
Mesmaeker13's illusion hits the meliai.
The meliai closely misses you.
The meliai hits Mesmaeker13's illusion but does no damage.
The meliai hits your fire vortex with a +0 hand axe.
The meliai completely misses Mesmaeker13's illusion.
The meliai closely misses you. You block the meliai's attack.
The meliai misses Mesmaeker13's illusion.
The meliai barely misses your raiju.
The meliai hits your fire vortex with a +0 war axe.
The meliai barely misses you.
Unknown command.
You swap places.
The meliai calls down the wrath of its god upon you.
Something smites you!
* * * LOW HITPOINT WARNING * * *
The meliai hits Mesmaeker13's illusion but does no damage.
The meliai misses Mesmaeker13's illusion.
The meliai barely misses your fire vortex.
The meliai misses Mesmaeker13's illusion.
The meliai stings Mesmaeker13's illusion but does no damage.
Mesmaeker13's illusion hits the meliai.
Your fire vortex closely misses the meliai.
The meliai mumbles some strange prayers to its god against you.
Something smites you!
You die...
Your body disappears without a glow.

# #### ##+# #... #..^##
#.# #.## (....## ##.#
#.## ...h..## ##..#
#.##
...vy@.####...######.##
....y@@'......)........
...@.).####.[.####.#(..
...Y@.## #..[####.####
.....## #.#...##.# ...#
#.###.##.# #.#
#.##.#### #.
#.###.##.##.. #.#
#........##.# ####.####
#####.#####.#


You could see 2 meliai, a friendly raiju (summoned), a friendly fire vortex
(summoned), a friendly ice beast (summoned) and 4 friendly Mesmaeker13's
illusions.

Vanquished Creatures
  Gastronok (Lair:3)
  An orc warlord (Orc:2)
  An ettin (Orc:1)
  4 hydras
  A boulder beetle (D:14)
  A hell beast (Lair:6)
  A catoblepas (Lair:3)
  5 two-headed ogres
  8 centaur warriors
  3 orc high priests (Orc:2)
  6 death yaks
  Urug (Lair:1)
  Nergalle (D:12)
  Pikel (D:7)
  2 orc knights (Orc:1)
  3 orc sorcerers
  A manticore (D:14)
  3 ugly things
  3 cyclopes
  8 black mambas
  Joseph (Lair:1)
  A smoke demon (Lair:6)
  21 elephants
  2 torpor snails
  2 orange demons (Lair:6)
  A cane toad (shapeshifter) (D:13)
  8 cane toads
  2 kobold demonologists (D:9)
  5 rime drakes
  2 ice devils (Lair:6)
  13 komodo dragons
  A tengu conjurer (D:14)
  6 trolls
  A meliai (D:14)
  3 polar bears
  4 slime creatures (D:12)
  A wind drake (shapeshifter) (D:13)
  15 blink frogs
  Sigmund (D:4)
  A water elemental (D:11)
  35 yaks
  A vampire (D:9)
  5 wyverns
  3 wraiths
  5 basilisks
  2 chaos spawn
  10 vampire mosquitoes
  A naga (Lair:4)
  Edmund (D:4)
  A warg (Orc:2)
  3 acid dragons
  22 water moccasins
  2 hell hounds (Lair:6)
  A black bear (D:7)
  22 orc warriors
  An ice beast (D:6)
  15 wolves
  21 centaurs
  3 ogres
  2 lemures
  2 phantoms
  2 kobold brigands
  10 bullfrogs
  2 gnoll sergeants (D:7)
  A scorpion (D:2)
  A water moccasin zombie (D:7)
  A water moccasin skeleton (D:5)
  10 wights
  6 killer bees (D:7)
  2 howler monkeys (D:11)
  5 electric eels
  7 crimson imps
  9 centaur zombies
  A jelly (D:4)
  A bullfrog zombie (D:6)
  A centaur skeleton (D:7)
  2 hounds
  A human zombie (Ossuary)
  16 orc priests
  A gnoll shaman (D:8)
  A bullfrog skeleton (D:5)
  3 iguanas
  18 orc wizards
  A killer bee zombie (D:5)
  2 mummies (Ossuary)
  6 adders
  3 gnolls (D:8)
  2 shadow imps (D:9)
  2 white imps
  2 ufetubi
  5 dart slugs
  53 orcs
  5 ball pythons
  7 bats
  2 endoplasms
  5 giant cockroaches
  2 gnoll zombies (Ossuary)
  8 goblins
  9 hobgoblins
  5 frilled lizards
  3 goblin zombies (Ossuary)
  5 hobgoblin zombies (Ossuary)
  14 kobolds
  3 orc zombies (Ossuary)
  4 rats
553 creatures vanquished.

Vanquished Creatures (collateral kills)
  4 hydras
  A death yak (Lair:4)
  An orc high priest (Orc:2)
  A wizard (Lair:6)
  An orc knight (Orc:2)
  An orange demon (Lair:6)
  2 trolls
  A vampire (D:12)
  2 hell hounds (Lair:6)
  5 orc warriors
  2 ogres (Orc:2)
  An orc priest (Orc:2)
  4 orcs (Orc:2)
26 creatures vanquished.

Vanquished Creatures (others)
  Maurice (D:9)
  A bush (Lair:5)
  48 fungi
  70 plants
120 creatures vanquished.

Grand Total: 699 creatures vanquished

Notes
Turn   | Place    | Note
-------+----------+-------------------------------------------
     0 | D:1      | Mesmaeker13 the Kobold Hunter began the quest for the Orb.
     0 | D:1      | Reached XP level 1. HP: 12/12 MP: 1/1
   686 | D:1      | Found a faded altar of an unknown god.
   737 | D:1      | Reached XP level 2. HP: 18/18 MP: 2/2
   743 | D:1      | Reached skill level 5 in Crossbows
   744 | D:1      | Found Xiamurhyf's Assorted Antiques.
  1292 | D:2      | Reached skill level 3 in Dodging
  1356 | D:2      | Reached XP level 3. HP: 22/22 MP: 3/3
  1601 | D:2      | Noticed a scorpion
  1606 | D:2      | Killed a scorpion
  1607 | D:2      | Reached XP level 4. HP: 27/28 MP: 4/4
  1666 | D:2      | Reached XP level 5. HP: 32/32 MP: 5/5
  1876 | D:2      | Reached skill level 4 in Dodging
  2883 | D:3      | Noticed a centaur
  2899 | D:3      | Killed a centaur
  2900 | D:3      | Reached XP level 6. HP: 22/38 MP: 6/6
  3876 | D:4      | Noticed an ogre
  3879 | D:4      | Killed an ogre
  3880 | D:4      | Reached skill level 5 in Dodging
  3880 | D:4      | Reached XP level 7. HP: 43/44 MP: 7/7
  3927 | D:4      | Found an ornate altar of the Wu Jian Council.
  4007 | D:4      | Noticed Edmund
  4018 | D:4      | Killed Edmund
  4019 | D:4      | Reached skill level 5 in Fighting
  4026 | D:4      | Noticed Sigmund
  4846 | D:4      | Killed Sigmund
  4847 | D:4      | Reached skill level 6 in Dodging
  4847 | D:4      | Reached XP level 8. HP: 49/51 MP: 8/8
  5128 | D:4      | Found a basalt altar of Yredelemnul.
  5133 | D:4      | Found a hide-covered altar of Uskayaw.
  5135 | D:4      | Found a bloodstained altar of Trog.
  5136 | D:4      | Found a faded altar of an unknown god.
  5141 | D:4      | Found a faded altar of an unknown god.
  5849 | D:5      | Entered Level 5 of the Dungeon
  6314 | D:5      | You fall into a shaft and drop 1 floor!
  6519 | D:6      | Reached skill level 7 in Dodging
  6975 | D:5      | Reached skill level 1 in Shields
  7193 | D:5      | Found a staircase to the Ecumenical Temple.
  7323 | Temple   | Entered the Ecumenical Temple
  7420 | Temple   | Became a worshipper of Nemelex Xobeh the Trickster
  7553 | D:6      | Reached XP level 9. HP: 49/56 MP: 9/9
  8741 | D:7      | Reached skill level 5 in Stealth
  9050 | D:7      | Reached * piety under Nemelex Xobeh
  9097 | D:7      | Found a large runed translucent door.
  9098 | D:7      | Found a large runed translucent door.
  9297 | D:7      | Identified the +4 scale mail of Hitoesh {rF+ Int+4}
  9667 | D:7      | Found a shadowy altar of Dithmenos.
 10039 | D:8      | Noticed a troll
 10049 | D:8      | Reached XP level 10. HP: 57/64 MP: 10/10
 10064 | D:8      | Noticed a cyclops
 10078 | D:8      | Noticed a centaur warrior
 10080 | D:8      | Killed a cyclops
 10081 | D:8      | Reached skill level 10 in Crossbows
 10190 | D:8      | Noticed Pikel
 10210 | D:7      | Killed Pikel
 10243 | D:8      | Found a sand-covered staircase.
 10247 | Ossuary  | Entered an ossuary
 10411 | D:8      | Found a stormy altar of Qazlal.
 10646 | D:8      | Noticed a centaur warrior
 10656 | D:8      | Killed a centaur warrior
 10657 | D:8      | Reached skill level 5 in Shields
 10831 | D:8      | Killed a centaur warrior
 10849 | D:7      | Reached XP level 11. HP: 66/71 MP: 11/11
 11032 | D:8      | Found a blossoming altar of Fedhas.
 11196 | D:9      | Reached ** piety under Nemelex Xobeh
 11582 | D:9      | Noticed a five-headed hydra
 11793 | D:1      | Bought a glimmering ring mail for 234 gold pieces
 11793 | D:1      | Identified the +4 ring mail of Jamoom {Dex+3} (You bought
                  | it in a shop on level 1 of the Dungeon)
 11828 | D:1      | Bought 2 scrolls of identify for 104 gold pieces
 12350 | D:9      | Noticed Maurice
 12362 | D:9      | Killed Maurice
 12467 | D:9      | Found a glowing golden altar of the Shining One.
 12507 | D:9      | Received a gift from Nemelex Xobeh
 12654 | D:9      | Reached skill level 5 in Short Blades
 12669 | D:9      | Learned a level 4 spell: Animate Dead
 12754 | D:10     | Entered Level 10 of the Dungeon
 12802 | D:10     | Reached skill level 10 in Fighting
 12918 | D:10     | Reached skill level 1 in Necromancy
 12925 | D:10     | Reached skill level 5 in Evocations
 13201 | D:10     | Found a staircase to the Lair.
 13201 | D:10     | Noticed an elephant
 13224 | D:10     | Killed an elephant
 13556 | D:10     | Noticed a two-headed ogre
 13569 | D:10     | Killed a two-headed ogre
 13570 | D:10     | Reached skill level 8 in Dodging
 13895 | D:10     | Received a gift from Nemelex Xobeh
 13904 | Lair:1   | Entered Level 1 of the Lair of Beasts
 13956 | Lair:1   | You fall into a shaft and drop 1 floor!
 13984 | Lair:2   | Reached skill level 1 in Invocations
 14019 | Lair:2   | Noticed a six-headed hydra
 14020 | Lair:2   | Killed a six-headed hydra
 14021 | Lair:2   | Reached XP level 12. HP: 77/77 MP: 11/13
 14151 | Lair:1   | Noticed Joseph
 14167 | Lair:1   | Killed Joseph
 14176 | Lair:1   | Noticed a five-headed hydra
 14185 | Lair:1   | Killed a five-headed hydra
 14186 | Lair:1   | Reached skill level 9 in Dodging
 14204 | Lair:1   | Found a transporter.
 14209 | Lair:1   | Found a transporter.
 14209 | Lair:1   | Noticed PeterLawrence's ghost (journeyman MiFi)
 14224 | Lair:1   | Reached *** piety under Nemelex Xobeh
 14347 | Lair:1   | Noticed Urug
 14352 | Lair:1   | Killed Urug
 14439 | Lair:1   | Reached skill level 5 in Necromancy
 14531 | Lair:1   | Identified a scroll of acquirement
 14533 | Lair:1   | Acquired 1230 gold pieces
 14836 | Lair:1   | Found a blossoming altar of Fedhas.
 14933 | Lair:1   | Received a gift from Nemelex Xobeh
 15242 | D:9      | Killed a six-headed hydra
 15667 | D:9      | Identified the +0 chain mail of the Marlin {-Tele Will++
                  | Int+5}
 15837 | D:10     | Reached skill level 1 in Long Blades
 16060 | D:10     | Found a burning altar of Makhleb.
 16060 | D:10     | Found a radiant altar of Vehumet.
 16194 | D:10     | Reached skill level 5 in Invocations
 16361 | D:10     | Found an iron altar of Okawaru.
 16730 | Lair:2   | Reached skill level 10 in Dodging
 16769 | Lair:2   | Reached XP level 13. HP: 79/82 MP: 16/16
 16934 | Lair:2   | Received a gift from Nemelex Xobeh
 17114 | Lair:2   | Found a staircase to the Shoals.
 17535 | Lair:2   | Received a gift from Nemelex Xobeh
 17683 | Lair:3   | Noticed Gastronok
 17699 | Lair:3   | Killed Gastronok
 17803 | Lair:3   | Reached **** piety under Nemelex Xobeh
 18363 | Lair:3   | Reached skill level 11 in Dodging
 18865 | Lair:4   | Noticed a catoblepas
 18897 | Lair:3   | Killed a catoblepas
 19821 | Lair:3   | Reached XP level 14. HP: 88/88 MP: 19/19
 19901 | Lair:4   | Found a staircase to the Snake Pit.
 20354 | Lair:5   | Received a gift from Nemelex Xobeh
 20427 | Lair:5   | Reached skill level 5 in Long Blades
 20753 | Lair:5   | Reached skill level 12 in Dodging
 20853 | Lair:5   | Reached skill level 1 in Armour
 20995 | Lair:5   | Found a staircase to the Slime Pits.
 21028 | Lair:5   | Found a viscous altar of Jiyva.
 21555 | Lair:6   | Entered Level 6 of the Lair of Beasts
 22055 | Lair:6   | Received a gift from Nemelex Xobeh
 23097 | Lair:6   | Received a gift from Nemelex Xobeh
 23141 | Lair:6   | Reached ***** piety under Nemelex Xobeh
 23227 | Lair:6   | Identified the -1 quarterstaff of Xuxemesi {elec, Stlth+}
 23234 | Lair:6   | Found a burning altar of Makhleb.
 23249 | Lair:6   | Reached XP level 15. HP: 74/92 MP: 22/22
 23423 | Lair:6   | Found a gateway to Hell.
 23427 | Lair:6   | Identified the +8 dagger "Usteuwk" {vorpal, Will+}
 23608 | Lair:6   | Reached skill level 10 in Invocations
 24842 | D:11     | Reached skill level 10 in Necromancy
 25296 | D:12     | Noticed Nergalle
 25310 | D:12     | Killed Nergalle
 25487 | D:12     | Received a gift from Nemelex Xobeh
 25721 | D:12     | Found a radiant altar of Vehumet.
 25732 | D:12     | Found a staircase to the Orcish Mines.
 26051 | Orc:1    | Entered Level 1 of the Orcish Mines
 26158 | Orc:1    | Received a gift from Nemelex Xobeh
 26488 | Orc:2    | Entered Level 2 of the Orcish Mines
 26687 | Orc:2    | Found Hyxujefi's Antique Weapon Emporium.
 26694 | Orc:2    | Noticed an orc warlord
 26890 | Orc:1    | Acquired Mesmaeker13's Collected Works on Attacks and
                  | Stolen Souls
 26898 | Orc:1    | Learned a level 5 spell: Agony
 27054 | Orc:1    | Reached skill level 5 in Armour
 27565 | Orc:2    | Reached skill level 1 in Spellcasting
 27658 | Orc:2    | Found Jasti's Antique Weapon Shoppe.
 27712 | Orc:2    | Killed an orc warlord
 27734 | Orc:2    | Paralysed by an orc sorcerer for 2 turns
 27764 | Orc:2    | Found Hiboplam's Jewellery Shop.
 27771 | Orc:2    | Found a staircase to the Elven Halls.
 27786 | Orc:2    | Found Cuar's Commerce Corner.
 27795 | Orc:2    | Received a gift from Nemelex Xobeh
 27814 | Orc:2    | Found Qomeog's General Store.
 28000 | Orc:2    | Found Unustaw's Antique Armour Emporium.
 28111 | Orc:2    | Bought a runed scimitar for 224 gold pieces
 28243 | Orc:2    | Bought a twisted long sword for 195 gold pieces
 28243 | Orc:2    | Identified the +7 long sword "Nostu" {vorpal, +Rage rF-
                  | rC+++ Will-} (You bought it in a shop on level 2 of the
                  | Orcish Mines)
 28243 | Orc:2    | Bought a smoking rapier for 207 gold pieces
 28243 | Orc:2    | Identified the +5 rapier of Pufroz {venom, rC+ Will- Str+9
                  | Dex-5} (You bought it in a shop on level 2 of the Orcish
                  | Mines)
 28249 | Orc:2    | Bought a brightly glowing short sword for 184 gold pieces
 28249 | Orc:2    | Identified the +0 short sword of the Final Chapter {chaos,
                  | Will+} (You bought it in a shop on level 2 of the Orcish
                  | Mines)
 29163 | D:13     | Found a gate to the Vaults.
 29294 | D:13     | Received a gift from Nemelex Xobeh
 29316 | D:13     | Found a runed translucent door.
 29316 | D:13     | Noticed a sphinx
 29318 | D:13     | Noticed wakim's ghost (journeyman MiFi)
 29435 | D:13     | Reached XP level 16. HP: 93/97 MP: 24/24
 29603 | D:13     | Found a shimmering altar of Xom.
 29604 | D:13     | Found the +7 mace of Variability {chain chaos}
 30219 | D:14     | Received a gift from Nemelex Xobeh
 30230 | D:14     | Found Hasalel's Book Boutique.
 30793 | D:14     | HP: 4/97 [meliai/divine providence (11)]
 30793 | D:14     | Killed from afar by a meliai

Illustrated notes

Levels and vault maps discovered:
D:1:      zelgadis_glass_arrival_small, layout_loops_cross,
          ebering_ecumenical_altar_petrified, serial_shops, shop_statue,
          hangedman_decor_diamond_cutter, minmay_tromino_v2
D:2:      layout_basic
D:3:      layout_basic, minmay_fractal_squares_5
D:4:      layout_gridville, chequers_temple_overflow_minitemple,
          nicolae_overflow_hidden_temple, uniq_sigmund, uniq_edmund
D:5:      layout_basic, minmay_temple_entry_statues_fountains
D:6:      layout_cave_pods
D:7:      layout_gridville, jmf_multi_god_temple2, grunt_dithmenos_shadows,
          sword_in_stone
D:8:      layout_basic, grunt_qazlal_sundering, nicolae_overflow_crystal_walls,
          enter_ossuary_5, kb_rosetta, uniq_pikel
D:9:      layout_loops_corners, overflow_temple_1_default, minmay_nine_imps,
          uniq_maurice
D:10:     layout_basic, grunt_temple_overflow_lords_of_destruction,
          kennysheep_little_box, david_lair_generic, centaur_isle
D:11:     layout_basic, minmay_misc_feat_chi, corexii_corridor_pit
D:12:     layout_basic, david_orc_3, vehumet_statue, uniq_nergalle
D:13:     layout_cave_pools, david_vaults_4, ebering_ghost_inner_flame,
          minmay_guarded_unrand_variability
D:14:     layout_loops_corners, nzn_wu_jian_contemplation, serial_shops,
          kennysheep_mini, minmay_statue_bubble
Temple:   nicolae_temple_figure_zero
Lair:1:   layout_roguey, gammafunk_ghost_arena, cheibrodos_lair_caveside_slide,
          hangedman_tree_tricks, st_stairs_7, beast_lair_carwin_4, uniq_urug,
          uniq_joseph
Lair:2:   layout_chaotic_city, shoals_dummy_entry, wad_woods_river_01,
          grunt_megastairs_4
Lair:3:   layout_roguey, serial_bayou_lagoon_a, uniq_gastronok
Lair:4:   layout_hall_layers, guppyfry_snake_entry_garden, pond
Lair:5:   layout_cave_pods, slime_altar_1, minmay_lair_oklob_chamber,
          infiniplex_staircase_pool, lemuel_fruit_tree
Lair:6:   evil_forest, layout_cave_pods, st_stairs_7
Orc:1:    layout_caves
Orc:2:    grunt_orc_gardens, layout_caves, grunt_orc_garden, grunt_orc_garden,
          grunt_orc_garden, grunt_orc_garden, serial_shops, nicolae_shop_stone,
          nicolae_alphabet_shops

Skill      XL: |  1  2  3  4  5  6  7  8  9 10 11 12 13 14 15 16 |
---------------+-------------------------------------------------+-----
Crossbows      | 5 6 7 8 9 10 | 10.0
Dodging        | 3 4 5 6 7 8 10 11 12 | 12.0
Fighting       | 3 4 5 6 8 9 10 | 10.0
Stealth        | 3 6 8 9 |  9.5
Shields        | 1 3 5 |  5.6
Short Blades   | 3 7 9 |  9.7
Evocations     | 3 6 |  6.2
Necromancy     | 3 5 8 9 10 11 | 11.0
Invocations    | 1 5 7 9 11 | 11.3
Long Blades    | 1 4 6 7 8 |  8.1
Armour         | 3 5 |  5.1
Spellcasting   | 2 3 |  3.3

Action                   |  1- 3 |  4- 6 |  7- 9 | 10-12 | 13-15 | 16-18 || total
-------------------------+-------+-------+-------+-------+-------+-------++-------
Melee: Falchion          |       |    25 |    12 |    46 |       |       ||    83
       Short sword       |       |       |    27 |       |       |       ||    27
       Dagger            |       |       |    24 |   338 |   389 |    13 ||   764
       Long sword        |       |       |       |   131 |  1015 |    86 ||  1232
       Scimitar          |       |       |       |       |     6 |       ||     6
 Fire: Hand crossbow     |    61 |    64 |   212 |   144 |    23 |    14 ||   518
 Cast: Animate Dead      |       |       |       |       |    18 |       ||    18
       Agony             |       |       |       |       |     1 |       ||     1
Invok: Draw Summoning    |       |       |       |     1 |    12 |     1 ||    14
       Draw Destruction  |       |       |       |       |     9 |     2 ||    11
       Draw Escape       |       |       |       |       |     3 |       ||     3
       Deal Four         |       |       |       |       |       |     1 ||     1
Evoke: Wand              |       |       |     7 |    15 |    19 |       ||    41
       Tin of tremorston |       |       |       |       |     3 |       ||     3
       Phial of floods   |       |       |       |       |     2 |       ||     2
       Phantom mirror    |       |       |       |       |     1 |       ||     1
  Use: Scroll            |       |     2 |     8 |    16 |    10 |       ||    36
       Potion            |       |       |       |     6 |     2 |     1 ||     9
 Stab: Sleeping          |       |       |     8 |    14 |    33 |     3 ||    58
       Distracted        |       |       |       |     1 |    12 |       ||    13
       Paralysed         |       |       |       |       |     4 |       ||     4
       Petrified         |       |       |       |       |     4 |       ||     4
       Petrifying        |       |       |       |       |     2 |       ||     2
Armor: Leather armour    |     5 |    21 |    51 |    47 |       |       ||   124
       Ring mail         |       |       |       |   122 |   250 |       ||   372
       Skin              |       |       |       |    11 |       |       ||    11
       Acid dragon scale |       |       |       |       |   175 |    24 ||   199
Dodge: Dodged            |    19 |    59 |   156 |   341 |  1145 |    87 ||  1807
Block: Buckler           |       |       |     9 |   180 |   541 |    37 ||   767
       Rpst.: Falchion   |       |     5 |     6 |    10 |       |       ||    21
       Long sword        |       |       |       |    23 |   230 |    15 ||   268
       Scimitar          |       |       |       |       |     1 |       ||     1

Table legend: (Time is in decaauts)
 A = Elapsed time spent in this place.
 B = Non-inter-level travel time spent in this place.
 C = Inter-level travel time spent in this place.
 D = Time resting spent in this place.
 E = Time spent auto-exploring this place.
 F = Levels seen in this place.
 G = Mean time per level.
                   A        B        C        D        E       F      G
               +--------+--------+--------+--------+--------+-----+--------+
         Total |  30709 |  28409 |   2300 |   5879 |  15924 |  24 | 1279.5 |
       Dungeon |  19548 |  18133 |   1415 |   4100 |  10473 |  14 | 1396.3 |
        Temple |    141 |    132 |      9 |      0 |    122 |   1 |  141.0 |
          Lair |   8710 |   8043 |    667 |   1362 |   4446 |   6 | 1451.7 |
  Orcish Mines |   2146 |   1938 |    208 |    413 |    877 |   2 | 1073.0 |
       Ossuary |    162 |    162 |      0 |      4 |      6 |   1 |  162.0 |
               +--------+--------+--------+--------+--------+-----+--------+

Top non-repeatable levels by time:
     D:3: 2096 daAuts
  Lair:6: 1946 daAuts
    D:10: 1929 daAuts
     D:4: 1841 daAuts
     D:9: 1764 daAuts
  Lair:5: 1525 daAuts
  Lair:3: 1519 daAuts
     D:7: 1459 daAuts
    D:12: 1396 daAuts
  Lair:1: 1311 daAuts
     D:8: 1305 daAuts
     D:1: 1229 daAuts
    D:11: 1213 daAuts
     D:6: 1212 daAuts
  Lair:4: 1211 daAuts
